 Dungeon Crawl Stone Soup version 0.30-a0-373-gd37427bb62 (webtiles) character file.

Game seed: 3416318369880753809

59 sanka the Shooter (level 3, 0/28 HPs)
             Began as a Demigod Hexslinger on Nov 23, 2022.
             Succumbed to Sigmund's poison
             ... on level 2 of the Dungeon.
             The game lasted 00:02:44 (1615 turns).

sanka the Shooter (Demigod Hexslinger)              Turns: 1615, Time: 00:02:45

Health: 0/28       AC:  5    Str: 16    XL:     3   Next: 54%
Magic:  6/6        EV: 12    Int: 12    God:
Gold:   75         SH:  0    Dex: 22    Spells: 3/4 levels left

rFire   + . .      SeeInvis .    a - +1 sling
rCold   + . .      Faith    .    (no shield)
rNeg    . . .      Spirit   .    c - +0 robe
rPois   +          Reflect  .    m - +2 hat
rElec   +          Harm     .    (no cloak)
rCorr   +          Rampage  .    f - +0 pair of gloves
Will    +....                    (no boots)
Stlth   ++........               (no amulet)
HPRegen 0.24/turn                (no ring)
MPRegen 0.10/turn                n - +6 ring of strength

@: mighty, lethally poisoned (0 -> -14), resistant, flying, invisible (expiring)
A: high MP 1, forlorn, divine attributes, agile 1, dopey 1, strong-willed 1
a: no special abilities


You were on level 2 of the Dungeon.
You visited 1 branch of the dungeon, and saw 2 of its levels.

You collected 75 gold pieces.


Innate Abilities, Weirdness & Mutations

You have an increased reservoir of magic. (+10% MP)
You shall have no god before yourself.
Your divine heritage dramatically boosts your attributes as you level up.
You are agile. (Dex +4, Str/Int -1)
You are dopey. (Int -2)
You are strong-willed. (Will+)


   Skills:
 + Level 1.5 Fighting
 + Level 3.5 Ranged Weapons
 - Level 1.7 Dodging
 - Level 1.0 Spellcasting
 - Level 2.6 Hexes


You had 3 spell levels left.
You knew the following spells:

 Your Spells              Type           Power      Damage    Failure   Level
z - Slow                  Hex            28%        N/A       10%         1

Your spell library contained the following spells:

 Spells                   Type           Power      Damage    Failure   Level
 Inner Flame              Hex/Fire       3%         N/A       45%         3
 Portal Projectile        Hex/Tloc       6%         N/A       45%         3
 Cause Fear               Hex            3%         N/A       69%         4

Inventory:

Hand Weapons
 a - a +1 sling (weapon)
Armour
 c - a +0 robe (worn)
 f - a +0 pair of gloves (worn)
 m - a +2 hat (worn)
Jewellery
 n - a +6 ring of strength (right hand)
Scrolls
 b - a scroll of poison {!r}
 j - a scroll of teleportation {unknown}
 k - 2 scrolls of identify {unknown}
Potions
 d - 2 potions of mutation {!q}
 i - 2 potions of might

Dungeon Overview and Level Annotations

Branches:
Dungeon (2/15)

Annotations:
D:2 Sigmund

▒........▒▒.▒.).......▒▒..
▒..........>▒.▒▒▒▒▒.▒▒▒▒.▒
▒...........▒.▒▒▒▒........
▒...........▒......▒..▒▒..
▒(...........▒............
▒..........▒...▒.▒▒▒▒.....
▒...........[....▒▒ ▒▒▒▒▒.
▒.................▒▒▒▒▒▒▒.
▒........p@........▒▒.....
▒.....................▒▒▒▒
▒.........▒▒▒.▒▒▒÷.▒▒▒▒▒
▒▒▒▒.▒▒▒▒▒▒ ♣.♣ ▒......▒
▒†▒ ▒▒▒♣♣.♣♣▒...▒▒.... ▒.▒
▒............▒▒▒▒. ▒.▒
▒▒.▒♣♣.♣♣▒...@.....
▒▒▒▒.▒▒▒..▒ ♣.♣ ▒......▒▒▒
▒.........▒▒▒.▒▒▒..▒.▒..▒


You could see Sigmund (unable to see you).


Message History

You feel sick.
Sigmund points at you and mumbles some strange words.
You resist with almost no effort.
You shoot a sling bullet.
The sling bullet closely misses Sigmund.
You feel sick. Sigmund misses you.
You shoot a sling bullet. The sling bullet barely misses Sigmund.
You feel sick.
You are no longer poisoned.
You shoot a sling bullet. The sling bullet hits Sigmund.
Sigmund is moderately wounded.
You flicker for a moment.
You shoot a sling bullet.
The sling bullet closely misses Sigmund.
You shoot a sling bullet. The sling bullet hits Sigmund!
Sigmund is severely wounded.
Sigmund barely misses you.
You shoot a sling bullet.
The sling bullet closely misses Sigmund.
Sigmund's eyes start glowing with a red light.
Sigmund hits you with a +1 scythe of venom!
* * * LOW HITPOINT WARNING * * *
You are lethally poisoned!
It was a potion of resistance.
You feel protected.
You die...

Action                   || total
-------------------------++-------
Melee: Unarmed           ||     6
 Fire: Sling             ||   135
  Use: Potion            ||     6
Armor: Robe              ||    21
Dodge: Dodged            ||    57

Levels and vault maps discovered:
D:1:      wheals_arrival_linesprint, layout_loops_ring, minmay_pentomino_v2
D:2:      layout_rooms, minmay_tree_intersection, uniq_sigmund

Notes
Turn   | Place    | Note
-------+----------+-------------------------------------------
     0 | D:1      | sanka the Demigod Hexslinger began the quest for the Orb.
     0 | D:1      | Reached XP level 1. HP: 15/15 MP: 4/4
    47 | D:1      | Reached skill level 2 in Ranged Weapons
   168 | D:1      | Reached XP level 2. HP: 14/22 MP: 5/5
   638 | D:1      | Reached skill level 3 in Ranged Weapons
   946 | D:2      | Noticed Sigmund
   958 | D:1      | HP: 2/22 [poisoned by Sigmund]
  1132 | D:2      | Reached skill level 1 in Fighting
  1132 | D:2      | Reached XP level 3. HP: 24/28 MP: 6/6
  1591 | D:2      | Gained mutation: You are dopey. (Int -2) [potion of
                  | mutation]
  1591 | D:2      | Gained mutation: You are agile. (Dex +4, Str/Int -1)
                  | [potion of mutation]
  1591 | D:2      | Gained mutation: You are strong-willed. (Will+) [potion of
                  | mutation]
  1615 | D:2      | Identified a potion of resistance
  1615 | D:2      | Succumbed to Sigmund's poison

Vanquished Creatures
  2 adders (D:2)
  A worm (D:2)
  A dart slug (D:1)
  A ball python (D:2)
  5 endoplasms
  A giant cockroach (D:1)
  2 goblins (D:1)
  4 hobgoblins
  5 jackals
  4 kobolds
  4 bats
  A frilled lizard (D:1)
  A rat (D:2)
32 creatures vanquished.
